 Dungeon Crawl Stone Soup version 0.21.1-68-g103a7afc0a (webtiles) character file.

1747 Raybro228 the Covert (level 8, 0/52 HPs)
             Began as a Vampire Enchanter on Aug 2, 2018.
             Was an Initiate of Makhleb.
             Killed by divine providence
             ... invoked by an orc priest
              (16 damage)
             ... on level 7 of the Dungeon.
             The game lasted 01:01:54 (6015 turns).

Raybro228 the Covert (Vampire Enchanter)            Turns: 6015, Time: 01:01:54

Health: 0/52       AC:  2    Str:  7    XL:     8   Next: 78%
Magic:  11/16      EV: 14    Int: 19    God:    Makhleb [......]
Gold:   371        SH:  0    Dex: 15    Spells: 6/18 levels left

rFire    + . .     SeeInvis +   r - +2 dagger (speed)
rCold    + + .     Gourm    .   (no shield)
rNeg     + + .     Faith    .   b - +0 robe
rPois    +         Spirit   .   (no helmet)
rElec    .         Reflect  .   l - scarf {rC+ rF+}
rCorr    .         Harm     .   (no gloves)
MR       .....                  (no boots)
Stlth    +++++.....             (no amulet)
HPRegen  0.08/turn              (no ring)
MPRegen  0.15/turn              (no ring)

@: regenerating slowly
A: fangs 3, see invisible, unbreathing
a: Bat Form, Renounce Religion


You were on level 7 of the Dungeon.
You worshipped Makhleb.
Makhleb was noncommittal.
You were thirsty.

You visited 2 branches of the dungeon, and saw 8 of its levels.

You collected 371 gold pieces.

Inventory:

Hand Weapons
 a - a +1 dagger
 i - a +0 club
 r - a +2 dagger of speed (weapon)
 v - a +0 giant club
Missiles
 s - 62 arrows
Armour
 b - a +0 robe (worn)
 l - a scarf of resistance (worn)
 w - a +1 pair of gloves
Jewellery
 t - an uncursed ring of protection from fire {unknown}
Wands
 g - a wand of flame (14)
 m - a wand of random effects (35)
 q - a wand of paralysis (25)
Scrolls
 e - a scroll of remove curse {unknown}
 f - 2 scrolls of fog
 j - a scroll of teleportation {unknown}
 k - a scroll of random uselessness {unknown}
 n - a scroll of magic mapping
 o - a scroll of immolation {unknown}
 u - 3 scrolls of blinking
 x - a scroll of identify
Potions
 d - 15 potions of blood
 h - a potion of degeneration {unknown}
 p - 3 potions of curing
Books
 c - a book of Maledictions

   Spells                             Type                      Level
   a - Corona                         Hexes                        1
   b - Ensorcelled Hibernation        Hexes/Ice                    2
   c - Confuse                        Hexes                        3
   d - Tukima's Dance                 Hexes                        3
   e - Dazzling Spray                 Conjuration/Hexes            3


   Skills:
 + Level 4.1 Short Blades
 + Level 3.5 Dodging
 + Level 9.8 Stealth
 + Level 5.8 Spellcasting
 + Level 9.0 Hexes
 + Level 2.3 Ice Magic
 + Level 0.1 Evocations


You had 6 spell levels left.
You knew the following spells:

 Your Spells              Type           Power        Failure   Level  Hunger
a - Corona                Hex            #####..      1%          1    None
b - Ensorcelled Hibernat  Hex/Ice        ####..       1%          2    None
c - Confuse               Hex            #####...     1%          3    ##.....
d - Dazzling Spray        Conj/Hex       ###...       5%          3    ##.....
e - Tukima's Dance        Hex            #####...     1%          3    ##.....


Dungeon Overview and Level Annotations

Branches:
Dungeon (7/15)             Temple (1/1) D:4

Altars:
Ashenzari
Cheibriados
Elyvilon
Gozag
Hepliaklqana
Kikubaaqudgha
Makhleb
Nemelex Xobeh
Okawaru
Qazlal
Sif Muna
Uskayaw
Vehumet
Wu Jian
Xom
Yredelemnul
Zin
The Shining One

Annotations:
D:4 motoroller71's ghost, amateur GnGl


Innate Abilities, Weirdness & Mutations

You heal slowly.
You have razor-sharp teeth.
You have supernaturally acute eyesight. (SInv)
You can survive without breathing.


Message History

Unknown command.
Unknown command.
Unknown command.
Unknown command.
Unknown command.
Unknown command.
Unknown command.
Unknown command.
Unknown command.
Unknown command.
Unknown command.
Unknown command.
Unknown command.
Unknown command.
Unknown command.
Unknown command.
Unknown command.
The orc priest mumbles some strange prayers to Beogh against you.
Beogh smites you!
You die...

..##.######.# ##
............######..
..#########.........
#....(........ ###
#.#.....o....o
..........#o..ooo.
#.###...#.#S#####.
#.# #.>.#.#o# #@#
#...#.#.# #.#
#...#.#.# #o#
#...#.#.# #.#
#....o.S# #o#
#...#.#.# #.#
#.S....%# .
#.###.#.#.#.#....
#...o.oo.........
#####.#..........


You could see 2 orc priests.

Vanquished Creatures
  A hornet (D:7)
  Grinder (D:5)
  Prince Ribbit (D:5)
  Menkaure (D:6)
  2 phantoms
  An ice beast (D:5)
  3 ogres
  A bullfrog (D:6)
  A howler monkey (D:4)
  A bullfrog skeleton (D:5)
  A hound (D:5)
  An orc priest (D:6)
  3 orc wizards
  5 worker ants
  4 adders
  A shadow imp (D:5)
  2 oozes
  An adder skeleton (D:4)
  2 adder zombies (D:5)
  3 worms
  2 dart slugs
  2 leopard geckos (D:6)
  10 orcs
  8 giant cockroaches
  5 goblins
  5 hobgoblins
  15 jackals
  3 quokkas
  4 bats
  4 frilled lizards
  5 kobolds
  5 rats
  A fungus (D:1)
105 creatures vanquished.

Vanquished Creatures (collateral kills)
  An orc (D:5)
1 creature vanquished.

Vanquished Creatures (others)
  A fungus (D:1)
1 creature vanquished.

Grand Total: 107 creatures vanquished

Notes
Turn   | Place    | Note
-------+----------+-------------------------------------------
     0 | D:1      | Raybro228 the Vampire Enchanter began the quest for the Orb.
     0 | D:1      | Reached XP level 1. HP: 13/13 MP: 3/3
   120 | D:1      | Reached XP level 2. HP: 17/19 MP: 3/5
   130 | D:1      | Learned a level 2 spell: Ensorcelled Hibernation
   911 | D:2      | Reached skill level 5 in Stealth
   925 | D:2      | Reached skill level 5 in Hexes
   925 | D:2      | Reached XP level 3. HP: 14/24 MP: 0/6
  1104 | D:2      | HP: 1/24 [goblin/stone (4)]
  1903 | D:2      | Reached XP level 4. HP: 30/30 MP: 5/8
  2643 | D:4      | Noticed an ogre
  2645 | D:4      | Noticed motoroller71's ghost (amateur GnGl)
  2655 | D:4      | Killed an ogre
  2655 | D:4      | Reached XP level 5. HP: 21/35 MP: 2/9
  2730 | D:4      | Found a hide-covered altar of Uskayaw.
  2735 | D:4      | Reached skill level 1 in Ice Magic
  2748 | D:4      | Learned a level 3 spell: Confuse
  2752 | D:4      | Learned a level 3 spell: Dazzling Spray
  2825 | D:4      | Found a staircase to the Ecumenical Temple.
  2971 | D:4      | Noticed a phantom
  3007 | D:4      | Killed a phantom
  3007 | D:4      | Reached XP level 6. HP: 27/41 MP: 1/11
  3308 | D:4      | Found a glowing silver altar of Zin.
  3449 | D:5      | Entered Level 5 of the Dungeon
  3449 | D:5      | Noticed Grinder
  3476 | D:5      | Killed Grinder
  3476 | D:5      | Reached XP level 7. HP: 30/46 MP: 2/12
  3571 | D:5      | Noticed Prince Ribbit
  3622 | D:5      | Learned a level 3 spell: Tukima's Dance
  3914 | Temple   | Entered the Ecumenical Temple
  3990 | Temple   | Became a worshipper of Makhleb the Destroyer
  4280 | D:5      | Found a white marble altar of Elyvilon.
  4477 | D:5      | Killed Prince Ribbit
  4477 | D:5      | Reached XP level 8. HP: 37/52 MP: 9/15
  4733 | D:6      | Found a basalt altar of Yredelemnul.
  4794 | D:6      | Found an ancient bone altar of Kikubaaqudgha.
  4967 | D:6      | Reached skill level 5 in Spellcasting
  5092 | D:6      | Found a snail-covered altar of Cheibriados.
  5363 | D:6      | Noticed Menkaure
  5817 | D:6      | Killed Menkaure
  5984 | D:7      | Noticed a hornet
  5990 | D:7      | Killed a hornet
  6015 | D:7      | Killed from afar by an orc priest

Skill      XL: |  1  2  3  4  5  6  7  8 |
---------------+-------------------------+-----
Stealth        | 5 6 7 8 9 |  9.8
Hexes          | 5 6 7 9 |  9.0
Short Blades   | 2 3 4 |  4.1
Spellcasting   | 3 4 5 |  5.8
Ice Magic      | 1 2 |  2.3
Dodging        | 3 |  3.5
Evocations     | |  0.1

Action                   |  1- 3 |  4- 6 |  7- 9 || total
-------------------------+-------+-------+-------++-------
Melee: Dagger            |   100 |    79 |   184 ||   363
       Bite              |     3 |     9 |    15 ||    27
 Cast: Corona            |    22 |     7 |    39 ||    68
       Ensorcelled Hiber |    16 |    10 |    17 ||    43
       Confuse           |       |    10 |    10 ||    20
       Tukima's Dance    |       |       |     1 ||     1
 Abil: End Transformatio |       |     1 |     6 ||     7
       Bat Form          |       |     1 |     6 ||     7
Evoke: Wand              |       |       |     2 ||     2
  Use: Potion            |     3 |     4 |     5 ||    12
       Scroll            |       |       |     5 ||     5
 Stab: Sleeping          |    18 |    16 |    12 ||    46
       Confused          |       |     8 |     6 ||    14
       Distracted        |       |     1 |       ||     1
       Paralysed         |       |       |     2 ||     2
Armor: Robe              |    23 |    10 |     9 ||    42
Dodge: Dodged            |    50 |    35 |    87 ||   172
